 Dungeon Crawl Stone Soup version 0.28-a0-726-g4a9143789a (webtiles) character file.

Game seed: 7094003473078857005

31 Sabo the Skirmisher (level 3, -2/29 HPs)
             Began as a Demonspawn Fighter on Oct 27, 2021.
             Was a Follower of Makhleb.
             Slain by a gnoll (3 damage)
             ... on level 2 of the Dungeon.
             The game lasted 00:04:42 (1080 turns).

Sabo the Skirmisher (Demonspawn Fighter)            Turns: 1080, Time: 00:04:43

Health: -2/29      AC:  7    Str: 17    XL:     3   Next: 7%
Magic:  3/3        EV:  5    Int:  9    God:    Makhleb [*.....]
Gold:   46         SH:  0    Dex: 12    Spells: 2/2 levels left

rFire   . . .      SeeInvis .   a - +0 war axe
rCold   . . .      Faith    .   c - +0 buckler
rNeg    . . .      Spirit   .   b - +0 scale mail
rPois   .          Reflect  .   (no helmet)
rElec   .          Harm     .   e - +0 cloak
rCorr   .          Rampage  .   (no gloves)
Will    .....                   (no boots)
Stlth   ..........              (no amulet)
HPRegen 0.09/turn               (no ring)
MPRegen 0.08/turn               (no ring)

@: mighty, held
A: hooves 2
a: Renounce Religion


You were on level 2 of the Dungeon.
You worshipped Makhleb.
Makhleb was aware of your devotion.
You visited 1 branch of the dungeon, and saw 2 of its levels.

You collected 46 gold pieces.

Inventory:

Hand Weapons
 a - a +0 war axe (weapon)
Missiles
 g - a poisoned dart (quivered)
 h - 8 sling bullets
 l - a throwing net
Armour
 b - a +0 scale mail (worn)
 c - a +0 buckler (worn)
 e - a +0 cloak (worn)
Scrolls
 f - a scroll of teleportation {unknown}
 i - a scroll of silence {unknown}
 j - a scroll of immolation {unknown}
 k - a scroll of fear {unknown}
 m - 3 scrolls of vulnerability {unknown}


   Skills:
 + Level 3.3 Fighting
 + Level 2.1 Axes
 + Level 3.1 Armour
 + Level 2.9 Shields


You had 2 spell levels left.
You didn't know any spells.
Your spell library was empty.

Dungeon Overview and Level Annotations

Branches:
Dungeon (2/15)

Altars:
Makhleb


Innate Abilities, Weirdness & Mutations

You have hoof-like feet.


Message History

The gnoll shouts!
A gnoll comes into view. It is wielding a +0 club.
You hit the gnoll but do no damage. Your kick misses the gnoll.
The gnoll hits you with a +0 spear. You block the gnoll's attack.
The gnoll hits you but does no damage.
You hit the gnoll. You kick the gnoll, but do no damage.
The gnoll is moderately wounded.
You completely miss the gnoll. The gnoll hits you with a +0 club!
The gnoll hits you with a +0 spear.
You slash the gnoll!
You kill the gnoll!
Makhleb accepts your kill.
You hit the gnoll. The gnoll hits you with a +0 club.
* * * LOW HITPOINT WARNING * * *
The gnoll hits you but does no damage.
Your Armour skill increases to level 3!
You have reached level 3!
Your experience leads to an increase in your attributes!
Increase (S)trength, (I)ntelligence, or (D)exterity?
You feel stronger.
Your demonic ancestry asserts itself...
Your feet thicken and deform.
You closely miss the gnoll. Your kick misses the gnoll.
The gnoll is moderately wounded.
The gnoll hits you with a +0 club.
* * * LOW HITPOINT WARNING * * *
You barely miss the gnoll.
The gnoll shouts!
Your kick misses the gnoll.
The gnoll is moderately wounded.
The gnoll hits you with a +0 club.
* * * LOW HITPOINT WARNING * * *
You block the gnoll's attack.
You feel very mighty all of a sudden.
You closely miss the gnoll.
The gnoll is moderately wounded.
The gnoll throws a throwing net.
The throwing net hits you.
You become entangled in the net!
The gnoll hits you with a +0 club.
* * * LOW HITPOINT WARNING * * *
You struggle against the net.
The gnoll hits you with a +0 club.
You die...

#.........#
#.........#
#.........#
##.......##.##
##......g.g..
###.#####.##
#.### # #.gg#
###@# #.#
#......#
##..##.# .##
.# .# .# .#


You could see 2 gnolls.

Vanquished Creatures
  A gnoll (D:2)
  2 dart slugs (D:1)
  A bat (D:1)
  A giant cockroach (D:1)
  3 goblins (D:1)
  A hobgoblin (D:1)
  A quokka (D:1)
  4 ball pythons (D:1)
  A frilled lizard (D:1)
  A kobold (D:1)
  A rat (D:1)
17 creatures vanquished.

Notes
Turn   | Place    | Note
-------+----------+-------------------------------------------
     0 | D:1      | Sabo the Demonspawn Fighter began the quest for the Orb.
     0 | D:1      | Reached XP level 1. HP: 18/18 MP: 1/1
   247 | D:1      | Discovered your monstrous ancestry.
   247 | D:1      | Gained mutation: You have large cloven feet. [demonic
                  | ancestry]
   247 | D:1      | Reached XP level 2. HP: 24/24 MP: 2/2
   604 | D:1      | Found a faded altar of an unknown god.
   613 | D:1      | Prayed at the altar of an unknown god.
   613 | D:1      | Became a worshipper of Makhleb the Destroyer
   613 | D:1      | Reached * piety under Makhleb
  1076 | D:2      | Gained mutation: You have hoof-like feet. [demonic
                  | ancestry]
  1076 | D:2      | Reached XP level 3. HP: 9/29 MP: 3/3
  1079 | D:2      | HP: 1/29 [gnoll (4)]
  1080 | D:2      | Slain by a gnoll

Illustrated notes

Levels and vault maps discovered:
D:1:      elethiomel_arrival_infinity_welcomes_careful_drivers, layout_basic,
          dreamdust_ecumenical_altar_hidden_monk_grotto
D:2:      minmay_recursive_quarters, layout_rooms, serial_shops, shop,
          uniq_jessica

Skill      XL: |  1  2 |
---------------+-------+-----
Axes           | 2 |  2.1
Armour         | 3 |  3.1
Fighting       | |  3.3
Shields        | |  2.9

Action                   || total
-------------------------++-------
Melee: War axe           ||    38
       Kick              ||     5
  Use: Potion            ||     1
Armor: Scale mail        ||    21
Dodge: Dodged            ||    11
Block: Buckler           ||     7

Table legend: (Time is in decaauts)
 A = Elapsed time spent in this place.
 B = Non-inter-level travel time spent in this place.
 C = Inter-level travel time spent in this place.
 D = Time resting spent in this place.
 E = Time spent auto-exploring this place.
 F = Levels seen in this place.
 G = Mean time per level.
                   A        B        C        D        E       F      G
               +--------+--------+--------+--------+--------+-----+--------+
         Total |   1098 |   1098 |      0 |    215 |      0 |   2 |  549.0 |
       Dungeon |   1098 |   1098 |      0 |    215 |      0 |   2 |  549.0 |
               +--------+--------+--------+--------+--------+-----+--------+

Top non-repeatable levels by time:
     D:1: 1063 daAuts
     D:2: 34 daAuts
